 Dungeon Crawl Stone Soup version 0.28-a0-863-g8cecda6153 (console) character file.

Game seed: 17293964406582997440

135903 jejorda2 the Impaler (level 17, -3/165 HPs)
             Began as a Gargoyle Berserker on Nov 18, 2021.
             Was a High Priest of Trog.
             Slain by a white very ugly thing (17 damage)
             ... on level 2 of the Abyss.
             The game lasted 01:19:42 (29044 turns).

jejorda2 the Impaler (Gargoyle Berserker)          Turns: 29044, Time: 01:19:43

Health: -3/165     AC: 40    Str: 26    XL:     17   Next: 20%
Magic:  17/17      EV: 10    Int: 10    God:    Trog [*****.]
Gold:   1635       SH:  0    Dex:  9    Spells: 16/16 levels left

rFire   + + .      SeeInvis +   a - +9 glaive {vorpal, SInv}
rCold   + . .      Faith    +   (shield currently unavailable)
rNeg    + . .      Spirit   .   m - +0 chain mail of the Hills {-Tele rF++}
rPois   ∞          Reflect  .   U - +2 helmet
rElec   +          Harm     .   Q - +0 cloak {rC+}
rCorr   .          Rampage  +   k - +2 pair of gloves
Will    +++..      NoTele   +   V - +2 pair of boots {rampage}
Stlth   ..........              n - amulet of faith
HPRegen 1.37/turn               y - +4 ring of slaying
MPRegen 0.15/turn               I - +4 ring of protection

@: berserking, strong-willed, flying, regenerating, very quick
A: sickness immunity, AC +12, big wings, negative energy resistance 1,
electricity resistance, torment resistance 1, petrification resistance, subdued
magic 1
a: Renounce Religion, Berserk, Trog's Hand, Brothers in Arms


You were on level 2 of the Abyss.
You worshipped Trog.
Trog was extremely pleased with you.
You visited 4 branches of the dungeon, and saw 24 of its levels.
You visited the Abyss 1 time.
You also visited: Ossuary, Gauntlet and Ice Cave.

You collected 3453 gold pieces.
You spent 1818 gold pieces at shops.

Inventory:

Hand Weapons
 a - the +9 glaive of the Desolation of Salt (weapon) {vorpal, SInv}
   (Trog gifted it to you on level 4 of the Lair of Beasts)

   It inflicts extra damage upon your enemies.
   SInv:      It lets you see invisible.
 b - a +2 trident of flaming
 C - a +3 antimagic halberd
Missiles
 c - 708 stones
 e - 22 boomerangs (quivered)
 o - 4 silver javelins
 t - 7 boomerangs of dispersal
 v - 6 javelins
 z - 75 poisoned darts
 D - 4 throwing nets
Armour
 k - a +2 pair of gloves (worn)
 m - the +0 chain mail of the Hills (worn) {-Tele rF++}
   (You bought it in a shop on level 2 of the Orcish Mines)

   rF:        It greatly protects you from fire.
   -Tele:     It prevents most forms of teleportation.
 Q - a +0 cloak of cold resistance (worn)
 U - a +2 helmet (worn)
 V - a +2 pair of boots of rampaging (worn)
Jewellery
 l - a ring of protection from cold
 n - an amulet of faith (around neck)
 y - a +4 ring of slaying (left hand)
 A - a ring of resist corrosion
 I - a +4 ring of protection (right hand)
Wands
 j - a wand of polymorph (7)
 p - a wand of paralysis (2)
 B - a wand of flame (34)
 F - a wand of digging (5)
 L - a wand of iceblast (5)
 R - a wand of mindburst (10)
Scrolls
 d - 20 scrolls of teleportation
 h - 6 scrolls of fog
 q - 3 scrolls of fear
 s - 2 scrolls of enchant weapon
 w - 6 scrolls of identify
 G - 3 scrolls of magic mapping
 K - a scroll of blinking
Potions
 f - 3 potions of heal wounds
 g - 19 potions of curing
 i - 5 potions of might
 r - a potion of flight {unknown}
 u - 4 potions of attraction
 x - 6 potions of cancellation
 H - 4 potions of invisibility
 O - a potion of ambrosia
 P - 2 potions of haste
 S - a potion of mutation
Miscellaneous
 J - a phial of floods
 N - a condenser vane


   Skills:
 + Level 13.8 Fighting
 - Level 20.1 Polearms
 * Level 13.6 Throwing
 - Level 10.0 Armour
 - Level 6.0 Dodging
 - Level 6.0 Evocations


You had 16 spell levels left.
You didn't know any spells.
Your spell library was empty.

Dungeon Overview and Level Annotations

Branches:
Dungeon (15/15)            Temple (0/1) D:7            Lair (6/6) D:8
  Swamp (1/4) Lair:2        Snake (0/4) Lair:3        Slime (0/5) Lair:6
    Orc (2/2) D:10            Elf (0/3) Orc:2        Vaults (0/5) D:13
 Depths (0/4) D:15        Ossuary (visited)           IceCv (visited)
Gauntlet (visited)

Altars:
Ashenzari
Dithmenos
Gozag
Sif Muna
Vehumet
The Shining One
Beogh
Jiyva

Shops:
D:3 ?(   D:8 ?   Orc:1 ?   Orc:2 [(=[*

Portals:
Trove: D:13 (show slimy rune of Zot)

Annotations:
D:2 exclusion: door
D:12 exclusion: orange crystal statue
Swamp:1 Louise


Innate Abilities, Weirdness & Mutations

You are immune to sickness and miasma.
Your stone body is resilient. (AC +12)
You are immune to poison.
Your large and strong wings let you fly.
You resist negative energy. (rN+)
You are resistant to electric shocks. (rElec)
You are resistant to unholy torment.
You are immune to petrification.
Your spells are a little easier to cast, but a little less powerful.


Message History

The white very ugly thing pecks you. The white very ugly thing freezes you!
You resist.
* * * LOW HITPOINT WARNING * * *
The neqoxec hits you but does no damage.
You barely miss the neqoxec.
The neqoxec is almost dead.
The white very ugly thing bites you but does no damage.
The white very ugly thing engulfs you but does no damage.
The white very ugly thing pecks you but does no damage.
You slice the neqoxec!!
You kill the neqoxec!
Trog accepts your kill.
You completely miss the white very ugly thing.
The white very ugly thing basks in the mutagenic energy from its kin and changes!
The white very ugly thing engulfs you but does no damage.
The white very ugly thing pecks you but does no damage.
You closely miss the white very ugly thing.
You slice the white very ugly thing like a ripe choko!!!
The white very ugly thing is heavily wounded.
You hear a loud rustle.
The white very ugly thing engulfs you but does no damage.
The white very ugly thing pecks you!
* * * LOW HITPOINT WARNING * * *
The white very ugly thing freezes you!! You resist.
* * * LOW HITPOINT WARNING * * *
You closely miss the white very ugly thing.
The white very ugly thing is heavily wounded.
You completely miss the white very ugly thing.
The white very ugly thing is heavily wounded.
The white very ugly thing engulfs you but does no damage.
The white very ugly thing closely misses you.
The red very ugly thing barely misses you.
You slash the white very ugly thing!
The white very ugly thing is severely wounded.
You closely miss the white very ugly thing.
The white very ugly thing is severely wounded.
You are no longer corroded.
The white very ugly thing engulfs you but does no damage.
The white very ugly thing pecks you!
You die...

# ## ..
#...#... #.#.
#... #...#...#
. ##. .
#....#..# #..#.
##.......#
(.... ........#
...
#....##..†....#
. #.
...u......## #
. ...#.
#uu.......# #
..
###@u.#...### #
#...#.. .#
#...#...## ...
#........# ...
....#.. # #.
#...#.... #...#
... #.... ..


You could see 4 very ugly things.

Vanquished Creatures
  Rupert (D:15)
  A tentacled monstrosity (Swamp:1)
  A sphinx (D:13)
  Frances (D:12)
  Gastronok (Lair:1)
  A fenstrider witch (Swamp:1)
  An orc warlord (Orc:2)
  Azrael (D:13)
  Nessos (D:15)
  A minotaur (Gauntlet)
  Snorg (Lair:5)
  An ettin (D:15)
  A fire dragon (Lair:6)
  13 hydras
  9 vault guards
  6 boulder beetles
  A rakshasa (D:15)
  Harold (D:8)
  A ghost crab (Gauntlet)
  5 centaur warriors
  3 catoblepae
  3 two-headed ogres
  2 tengu warriors
  9 death yaks
  3 orc high priests
  A thrashing horror (Abyss:2)
  6 skeletal warriors
  A deep troll (D:15)
  A spatial maelstrom (Abyss:2)
  A swamp dragon (Swamp:1)
  2 wizards (D:15)
  7 orc knights
  A lindwurm (Lair:6)
  2 orc sorcerers
  5 ugly things
  An oklob plant (Lair:4)
  3 starcursed masses (Abyss:2)
  7 cyclopes
  12 elephants
  3 manticores
  4 black mambas
  3 molten gargoyles (Lair:6)
  An ice statue (IceCv)
  A smoke demon (Abyss:2)
  10 cane toads
  Maggie (D:7)
  An unseen horror (Abyss:2)
  10 rime drakes
  11 komodo dragons
  2 ice devils (Gauntlet)
  5 polar bears
  A hornet (D:11)
  6 trolls
  3 meliai
  Grinder (D:5)
  A tyrant leech (Swamp:1)
  Prince Ribbit (Lair:1)
  A large abomination (Abyss:2)
  16 blink frogs
  5 slime creatures (D:13)
  5 dream sheep (Lair:5)
  3 flying skulls (Abyss:2)
  A spriggan (Lair:4)
  4 wraiths
  A shadow (D:11)
  65 yaks
  A wyvern (shapeshifter) (D:13)
  2 golden eyes (Abyss:2)
  15 wyverns
  5 steam dragons
  10 basilisks
  6 vampire mosquitoes
  2 fire elementals (D:13)
  A neqoxec (Abyss:2)
  A chaos spawn (Abyss:2)
  An acid dragon (D:13)
  3 wargs
  A swamp worm (Swamp:1)
  9 hell hounds
  14 water moccasins
  4 black bears
  An ice beast (D:7)
  32 orc warriors
  4 boggarts (D:15)
  3 ogres (Orc:1)
  2 necrophages
  15 wolves
  8 centaurs
  A kobold brigand (D:7)
  13 bullfrogs
  A gnoll sergeant (D:12)
  2 scorpions
  2 wyvern zombies
  A small abomination (Abyss:2)
  A wyvern skeleton (D:7)
  17 killer bees
  A water moccasin skeleton (D:5)
  A wight (D:8)
  6 howler monkeys
  5 jellies
  5 lava snakes (Lair:6)
  9 orc priests
  A centaur skeleton (D:6)
  3 centaur zombies
  5 hounds
  A bullfrog skeleton (D:7)
  7 hell rats (D:14)
  An iguana (D:6)
  15 orc wizards
  8 mummies (Ossuary)
  A howler monkey zombie (D:8)
  8 gnolls
  A howler monkey skeleton (D:6)
  3 adders (D:6)
  5 white imps
  An adder skeleton (D:4)
  3 worms
  A dart slug (D:5)
  69 orcs
  6 endoplasms
  4 giant cockroaches
  A gnoll zombie (Ossuary)
  11 hobgoblins
  12 kobolds
  2 quokkas
  7 ball pythons
  9 bats
  5 frilled lizards
  6 goblins
  2 hobgoblin zombies (Ossuary)
  2 kobold zombies (Ossuary)
  3 orc zombies (Ossuary)
  5 rats
698 creatures vanquished.

Vanquished Creatures (collateral kills)
  A frost giant (IceCv)
  3 skeletal warriors (D:12)
  A rime drake (IceCv)
  A polar bear (IceCv)
  A yak (IceCv)
  A wolf (IceCv)
  A centaur (D:12)
9 creatures vanquished.

Vanquished Creatures (others)
  64 fungi
  68 plants
  14 withered plants (Gauntlet)
146 creatures vanquished.

Grand Total: 853 creatures vanquished

Notes
Turn   | Place    | Note
-------+----------+-------------------------------------------
     0 | D:1      | jejorda2 the Gargoyle Berserker began the quest for the
                  | Orb.
     0 | D:1      | Reached XP level 1. HP: 14/14 MP: 1/1
   246 | D:1      | Reached XP level 2. HP: 11/19 MP: 2/2
   412 | D:1      | Reached skill level 3 in Polearms
   961 | D:1      | Reached ** piety under Trog
   979 | D:1      | Reached XP level 3. HP: 22/23 MP: 3/3
  1834 | D:2      | Found a faded altar of an unknown god.
  1834 | D:2      | Noticed a soul eater
  2123 | D:3      | Reached XP level 4. HP: 14/29 MP: 4/4
  2411 | D:3      | Found Goen's Antique Weapon Boutique.
  2664 | D:3      | Found Bieruq's Magic Scroll Shoppe.
  2678 | D:3      | Bought a scroll of teleportation for 42 gold pieces
  2678 | D:3      | Bought a scroll of identify for 28 gold pieces
  2678 | D:3      | Bought a scroll of fear for 49 gold pieces
  2771 | D:3      | Reached *** piety under Trog
  2933 | D:4      | Reached XP level 5. HP: 33/33 MP: 5/5
  3154 | D:4      | Reached skill level 4 in Polearms
  3539 | D:4      | Found a sand-covered staircase.
  3547 | Ossuary  | Entered an ossuary
  3643 | Ossuary  | Reached XP level 6. HP: 38/38 MP: 6/6
  3692 | Ossuary  | Reached **** piety under Trog
  4093 | D:5      | Entered Level 5 of the Dungeon
  4093 | D:5      | Noticed a necrophage
  4108 | D:5      | Killed a necrophage
  4109 | D:5      | Reached skill level 5 in Armour
  4174 | D:5      | Found a shadowy altar of Dithmenos.
  4192 | D:5      | Reached XP level 7. HP: 42/44 MP: 7/7
  4249 | D:5      | Reached skill level 5 in Polearms
  4371 | D:5      | Reached skill level 5 in Fighting
  4509 | D:5      | Noticed Grinder
  4509 | D:5      | Paralysed by Grinder for 5 turns
  4530 | D:5      | Killed Grinder
  4595 | D:5      | Found an opulent altar of Gozag.
  4609 | D:5      | Reached XP level 8. HP: 37/50 MP: 8/8
  5178 | D:6      | Reached skill level 6 in Polearms
  5957 | D:7      | Found a staircase to the Ecumenical Temple.
  6001 | D:7      | Reached skill level 7 in Polearms
  6053 | D:7      | Noticed a wraith
  6053 | D:7      | Noticed a wraith
  6053 | D:7      | Found the +5 scythe "Finisher" {speed, eviscerate}
  6060 | D:7      | Killed a wraith
  6062 | D:7      | Killed a wraith
  6063 | D:7      | Reached XP level 9. HP: 56/56 MP: 9/9
  6130 | D:7      | Noticed a skeletal warrior
  6137 | D:7      | Killed a skeletal warrior
  6138 | D:7      | Reached skill level 8 in Polearms
  6491 | D:7      | Reached skill level 9 in Polearms
  6565 | D:7      | Noticed Maggie
  6569 | D:7      | Killed Maggie
  6917 | D:8      | Found Seqyeg's Magic Scroll Shop.
  7017 | D:8      | Found a radiant altar of Vehumet.
  7066 | D:8      | Reached skill level 10 in Polearms
  7066 | D:8      | Reached XP level 10. HP: 64/64 MP: 10/10
  7131 | D:8      | Found a staircase to the Lair.
  7332 | D:8      | Reached skill level 11 in Polearms
  7395 | D:8      | Found a broken altar of Ashenzari.
  7429 | D:8      | Found a shimmering blue altar of Sif Muna.
  7550 | D:8      | Noticed Harold
  7565 | D:8      | Killed Harold
  7566 | D:8      | Reached skill level 12 in Polearms
  8002 | D:3      | Bought a scroll of blinking for 105 gold pieces
  8285 | D:9      | Identified 2 scrolls of acquirement
  8285 | D:9      | Acquired 702 gold pieces
  8286 | D:9      | Acquired a +3 bardiche of protection
  8401 | D:3      | Bought a scroll of acquirement for 728 gold pieces
  8402 | D:3      | Acquired a manual of Polearms
  8530 | D:9      | Found a glowing golden altar of the Shining One.
  8805 | D:9      | Reached skill level 13 in Polearms
  8985 | D:9      | Reached XP level 11. HP: 68/68 MP: 11/11
  9320 | D:10     | Entered Level 10 of the Dungeon
  9517 | D:10     | Reached ***** piety under Trog
  9589 | D:10     | Reached skill level 14 in Polearms
  9833 | D:10     | Found a staircase to the Orcish Mines.
  9928 | D:10     | Noticed a skeletal warrior
  9935 | D:10     | Killed a skeletal warrior
  9939 | D:10     | Noticed a skeletal warrior
  9950 | D:10     | Killed a skeletal warrior
  9951 | D:10     | Reached skill level 15 in Polearms
  9956 | D:10     | Noticed a skeletal warrior
  9956 | D:10     | Noticed a skeletal warrior
  9970 | D:10     | Killed a skeletal warrior
  9973 | D:10     | Killed a skeletal warrior
 10395 | Lair:1   | Entered Level 1 of the Lair of Beasts
 10419 | Lair:1   | Reached skill level 16 in Polearms
 10640 | Lair:1   | Noticed Gastronok
 10651 | Lair:1   | Killed Gastronok
 10721 | Lair:1   | Reached skill level 17 in Polearms
 10858 | Lair:1   | Reached XP level 12. HP: 68/73 MP: 12/12
 11023 | Lair:1   | Noticed Prince Ribbit
 11034 | Lair:1   | Killed Prince Ribbit
 11038 | Lair:1   | Reached skill level 18 in Polearms
 11344 | Lair:2   | Identified the +9 eveningstar of Eternal War {vorpal, rC+
                  | rCorr Dex+3}
 11344 | Lair:2   | Noticed a catoblepas
 11347 | Lair:2   | Noticed a boulder beetle
 11352 | Lair:2   | Killed a catoblepas
 11688 | Lair:2   | Killed a boulder beetle
 11833 | Lair:2   | Noticed a six-headed hydra
 11841 | Lair:2   | Killed a six-headed hydra
 12216 | Lair:2   | Found a staircase to the Swamp.
 12216 | Lair:2   | Noticed a boulder beetle
 12226 | Lair:2   | Killed a boulder beetle
 12764 | Lair:3   | Found a staircase to the Snake Pit.
 12917 | Lair:3   | Reached skill level 19 in Polearms
 13003 | Lair:3   | Noticed an eight-headed hydra
 13011 | Lair:3   | Killed an eight-headed hydra
 13012 | Lair:3   | Reached skill level 10 in Fighting
 13012 | Lair:3   | Reached XP level 13. HP: 82/82 MP: 13/13
 13247 | Lair:3   | Gained mutation: Your large and strong wings let you fly.
                  | [Gargoyle growth]
 13247 | Lair:3   | Reached XP level 14. HP: 92/92 MP: 14/14
 13475 | Lair:4   | Identified the +9 glaive of the Desolation of Salt {vorpal,
                  | SInv} (Trog gifted it to you on level 4 of the Lair of
                  | Beasts)
 13475 | Lair:4   | Received a gift from Trog
 14230 | Lair:4   | Identified the +2 ring mail of Pakhohum {rC++ Str+3 Dex-4
                  | SInv}
 15305 | Lair:5   | Reached skill level 20 in Polearms
 15528 | Lair:5   | Reached skill level 1 in Evocations
 15662 | Lair:5   | Noticed Snorg
 15670 | Lair:5   | Killed Snorg
 16015 | Lair:6   | Entered Level 6 of the Lair of Beasts
 16463 | Lair:6   | Found a viscous altar of Jiyva.
 16464 | Lair:6   | Found a staircase to the Slime Pits.
 16590 | Lair:6   | Reached skill level 10 in Armour
 16872 | Lair:6   | Reached skill level 5 in Evocations
 16986 | Lair:6   | Reached XP level 15. HP: 97/97 MP: 15/15
 17455 | Lair:6   | Found a large runed translucent door.
 17455 | Lair:6   | Found a large runed translucent door.
 18443 | D:11     | Found a frozen archway.
 18457 | IceCv    | Entered an ice cave
 18461 | IceCv    | Identified the +4 halberd "Ereseimu" {vorpal, rC+ Str+4
                  | Dex-3} (Trog gifted it to you in an ice cave)
 18461 | IceCv    | Received a gift from Trog
 18462 | IceCv    | Reached skill level 1 in Throwing
 18944 | IceCv    | Noticed a frost giant
 18952 | IceCv    | Killed a frost giant
 18955 | IceCv    | Reached skill level 5 in Dodging
 19080 | IceCv    | Reached skill level 5 in Throwing
 20445 | D:12     | Noticed Frances
 20453 | D:12     | Killed Frances
 20453 | D:12     | Received a gift from Trog
 21216 | D:13     | Noticed Azrael
 21228 | D:13     | Killed Azrael
 21970 | D:13     | Reached XP level 16. HP: 81/103 MP: 16/16
 22580 | D:13     | Noticed a sphinx
 22585 | D:13     | Killed a sphinx
 22738 | D:13     | Found a gate to the Vaults.
 22998 | D:13     | Found a portal to a secret trove of treasure.
 23223 | D:14     | Reached skill level 10 in Throwing
 23444 | D:14     | Received a gift from Trog
 24253 | D:15     | Entered Level 15 of the Dungeon
 24379 | D:15     | Noticed Nessos
 24395 | D:15     | Killed Nessos
 24695 | D:15     | Noticed Rupert
 24702 | D:15     | Killed Rupert
 24912 | D:15     | Found a staircase to the Depths.
 25935 | Orc:1    | Entered Level 1 of the Orcish Mines
 26199 | Orc:2    | Entered Level 2 of the Orcish Mines
 26199 | Orc:2    | Found Cewaxaec's Armour Boutique.
 26208 | Orc:2    | Found a gate leading to a gauntlet.
 26233 | Gauntlet | Entered a Gauntlet
 26233 | Gauntlet | Found a transporter.
 26233 | Gauntlet | Found a transporter.
 26233 | Gauntlet | Found a transporter.
 26257 | Gauntlet | Found a transporter.
 26267 | Gauntlet | Found a transporter.
 26269 | Gauntlet | Found a transporter.
 26283 | Gauntlet | Found a transporter.
 26300 | Gauntlet | Found a transporter.
 26315 | Gauntlet | Found a transporter.
 26318 | Gauntlet | Found a transporter.
 26326 | Gauntlet | Found a transporter.
 26329 | Gauntlet | Found a transporter.
 26733 | Orc:2    | Found Coyl's General Store.
 26838 | Orc:2    | Found Oghiopn's Antique Armour Shoppe.
 27192 | Orc:2    | Found Wauvojif's Antique Weapon Boutique.
 27610 | Orc:2    | Found Ynoddovu's Jewellery Shoppe.
 27640 | Orc:2    | Found a staircase to the Elven Halls.
 27977 | Orc:1    | Found Bitash's Magic Scroll Boutique.
 27991 | Orc:1    | Reached XP level 17. HP: 109/109 MP: 17/17
 28237 | Orc:2    | Bought a transparent chain mail for 266 gold pieces
 28237 | Orc:2    | Identified the +0 chain mail of the Hills {-Tele rF++} (You
                  | bought it in a shop on level 2 of the Orcish Mines)
 28289 | Orc:2    | Bought an amulet of faith for 600 gold pieces
 28461 | Swamp:1  | Entered Level 1 of the Swamp
 28484 | Swamp:1  | Noticed a tentacled monstrosity
 28496 | Swamp:1  | Killed a tentacled monstrosity
 28501 | Swamp:1  | Paralysed by a fenstrider witch for 2 turns
 28804 | Swamp:1  | Noticed Louise
 28830 | Swamp:1  | Cast into level 2 of the Abyss (Louise)
 29034 | Abyss:2  | Gained mutation: Your spells are a little easier to cast,
                  | but a little less powerful. [a neqoxec]
 29044 | Abyss:2  | Slain by a white very ugly thing

Illustrated notes

Levels and vault maps discovered:
D:1:      grunt_arrival_crossed_arrows, layout_loops_ring
D:2:      layout_loops_cross, dreamdust_ecumenical_altar_sealed_demon
D:3:      layout_basic, serial_shops, shop_statue, shop
D:4:      layout_loops_ring, chequers_ossuary_entry_cave, grunt_decor_arrowhead,
          minmay_hedge_maze, minmay_misc_feat_nine_boxes
D:5:      layout_basic, mainiacjoe_overflow_catch_the_wave,
          cheibrodos_gnoll_hut, uniq_grinder
D:6:      layout_basic, kennysheep_donut, lemuel_flamethrower_2
D:7:      layout_basic, minmay_temple_entry_overgrown,
          minmay_guarded_unrand_finisher, uniq_maggie
D:8:      layout_basic, mainiacjoe_overflow_six_doors_small,
          nicolae_ashenzari_skybound, old_standard_altar,
          due_lair_maze_entry_diamond, serial_shops,
          nicolae_shop_advertising_works [nicolae_subvault_shop_adworks],
          uniq_harold
D:9:      layout_gridville, mainiacjoe_overflow_alcove_2
D:10:     layout_basic, david_orc_2
D:11:     layout_stronghold, portal_ice_cave_rime
D:12:     layout_long_grid, minmay_statue_bubble, uniq_frances
D:13:     layout_rooms, erik_vaults_2, enter_trove_5, minmay_three_doors,
          uniq_azrael
D:14:     layout_roguey [special_room_mythical_zoo], palyth_stone_intersect
D:15:     hangedman_depths_entry_civil_slaughter, layout_gridville,
          minmay_fountain_box, st_stairs_14, uniq_rupert, uniq_nessos
Lair:1:   layout_long_grid, grunt_megastairs_4, uniq_gastronok,
          uniq_prince_ribbit2
Lair:2:   layout_regular_city, swamp_mist, serial_bayou_shore_b,
          lemuel_fruit_fields, grunt_megastairs_3
Lair:3:   layout_long_grid, dummy_snake_entry, infiniplex_staircase_pool_2
Lair:4:   layout_cave_pods, st_stairs_10, grunt_forest_stairs_clearing
Lair:5:   layout_long_grid, nicolae_lair_yak_garden, serial_bayou_shore_a,
          uniq_snorg
Lair:6:   cheibrodos_lair_end_hotspot, layout_cave_pods, slime_altar_1
Swamp:1:  layout_basic_swamp, nicolae_swamp_some_circles, nicolae_swamp_oxbows,
          uniq_aizul, uniq_louise
Orc:1:    layout_caves, serial_shops, shop, basic_altar
Orc:2:    grunt_orc_gardens, layout_caves, grunt_orc_garden, grunt_orc_garden,
          grunt_orc_garden, grunt_orc_garden, gauntlet_entry_generic,
          serial_shops, nicolae_shop_window_shopping
Abyss:2:  base: Snake:2, base: Lair:1, guppyfry_abyss_exit_glass_guarded

Skill      XL: |  1  2  3  4  5  6  7  8  9 10 11 12 13 14 15 16 |
---------------+-------------------------------------------------+-----
Polearms       | 3 4 5 7 10 13 17 19 20 | 20.1
Armour         | 3 4 5 6 7 10 | 10.0
Fighting       | 4 5 6 8 10 12 13 | 13.8
Evocations     | 5 6 |  6.0
Dodging        | 6 |  6.0
Throwing       | 8 13 | 13.6

Action                   |  1- 3 |  4- 6 |  7- 9 | 10-12 | 13-15 | 16-18 || total
-------------------------+-------+-------+-------+-------+-------+-------++-------
Melee: Spear             |   169 |    21 |       |       |       |       ||   190
       Trident           |       |   147 |   151 |    10 |   137 |    19 ||   464
       Halberd           |       |       |    11 |       |       |       ||    11
       Scythe            |       |       |    55 |   430 |   180 |       ||   665
       Glaive            |       |       |       |       |   374 |   541 ||   915
Throw: Stone             |     1 |       |       |       |       |     2 ||     3
       Javelin           |       |       |       |     3 |       |     3 ||     6
       Dart              |       |       |       |     1 |       |       ||     1
       Boomerang         |       |       |       |       |       |    39 ||    39
Invok: Berserk           |     1 |       |     5 |    10 |    10 |     7 ||    33
       Trog's Hand       |       |       |     1 |     2 |     1 |     5 ||     9
       Brothers in Arms  |       |       |       |       |     2 |     1 ||     3
Evoke: Wand              |       |       |       |     1 |       |       ||     1
  Use: Scroll            |       |    10 |     3 |     9 |     7 |     5 ||    34
       Potion            |       |       |       |       |     1 |     1 ||     2
Armor: Animal skin       |     3 |       |       |       |       |       ||     3
       Leather armour    |     6 |       |       |       |       |       ||     6
       Ring mail         |    35 |    53 |    82 |       |       |       ||   170
       Swamp dragon scal |       |       |     7 |    19 |       |       ||    26
       Chain mail        |       |       |       |   213 |   332 |   346 ||   891
Dodge: Dodged            |    78 |    74 |    73 |   161 |   177 |   166 ||   729

Table legend: (Time is in decaauts)
 A = Elapsed time spent in this place.
 B = Non-inter-level travel time spent in this place.
 C = Inter-level travel time spent in this place.
 D = Time resting spent in this place.
 E = Time spent auto-exploring this place.
 F = Levels seen in this place.
 G = Mean time per level.
                   A        B        C        D        E       F      G
               +--------+--------+--------+--------+--------+-----+--------+
         Total |  28863 |  26937 |   1926 |   3752 |  18478 |  28 | 1030.8 |
       Dungeon |  17124 |  15788 |   1336 |   2023 |  11146 |  15 | 1141.6 |
          Lair |   7881 |   7463 |    418 |   1304 |   5126 |   6 | 1313.5 |
         Swamp |    366 |    366 |      0 |     69 |    234 |   1 |  366.0 |
  Orcish Mines |   2003 |   1833 |    170 |    198 |   1284 |   2 | 1001.5 |
         Abyss |    196 |    196 |      0 |     15 |     22 |   1 |  196.0 |
       Ossuary |    278 |    278 |      0 |      0 |    139 |   1 |  278.0 |
      Ice Cave |    666 |    666 |      0 |    143 |    343 |   1 |  666.0 |
      Gauntlet |    345 |    345 |      0 |      0 |    184 |   1 |  345.0 |
               +--------+--------+--------+--------+--------+-----+--------+

Top non-repeatable levels by time:
  Lair:6: 2023 daAuts
  Lair:4: 1641 daAuts
    D:12: 1590 daAuts
    D:15: 1572 daAuts
    D:13: 1527 daAuts
   Orc:2: 1519 daAuts
  Lair:1: 1352 daAuts
     D:9: 1295 daAuts
     D:1: 1175 daAuts
     D:8: 1169 daAuts
     D:2: 1112 daAuts
  Lair:2: 1082 daAuts
     D:7: 1053 daAuts
  Lair:5: 1035 daAuts
    D:14: 1016 daAuts
